 Dungeon Crawl Stone Soup version 0.24-a0-736-g4e6fe308c7 (webtiles) character file.

Game seed: 16707230765004178823, levelgen mode: deterministic

114 MalarOregon the Insei (level 4, -1/37 HPs)
             Began as a Draconian Transmuter on Oct 2, 2019.
             Slain by an ogre
             ... wielding a +0 giant spiked club
              (23 damage)
             ... on level 2 of the Dungeon.
             The game lasted 00:05:17 (2383 turns).

MalarOregon the Insei (Draconian Transmuter)        Turns: 2383, Time: 00:05:17

Health: -1/37      AC:  5    Str: 12    XL:     4   Next: 67%
Magic:  7/7        EV: 13    Int: 14    God:
Gold:   86         SH:  0    Dex: 12    Spells: 6/7 levels left

rFire    . . .     SeeInvis .     - Unarmed
rCold    . . .     Gourm    .   (no shield)
rNeg     . . .     Faith    .   (armour unavailable)
rPois    .         Spirit   .   (helmet restricted)
rElec    .         Reflect  .   (no cloak)
rCorr    .         Harm     .   (no gloves)
MR       .....                  (no boots)
Stlth    +.........             (no amulet)
HPRegen  0.12/turn              (no ring)
MPRegen  0.10/turn              (no ring)

@: no status effects
A: unfitting armour, cold-blooded, AC +5
a: no special abilities


You were on level 2 of the Dungeon.
You were hungry.

You visited 1 branch of the dungeon, and saw 2 of its levels.

You collected 86 gold pieces.

Inventory:

Missiles
 a - 65 arrows
 f - 5 poisoned darts (quivered)
Scrolls
 b - 2 scrolls of immolation {!r}
Potions
 c - a potion of mutation {unknown}
 d - 3 potions of curing {@q1}
 g - a potion of ambrosia {unknown}
 k - 2 potions of brilliance {unknown}
 l - a potion of magic {unknown}
 m - a potion of degeneration {unknown}
Comestibles
 e - 2 rations {!d}


   Skills:
 + Level 2.6 Fighting
 + Level 0.0 Throwing
 + Level 2.7 Dodging
 + Level 0.0 Stealth
 * Level 4.3 Unarmed Combat
 - Level 2.0 Spellcasting
 - Level 2.0 Transmutations


You had 6 spell levels left.
You knew the following spells:

 Your Spells              Type           Power        Failure   Level  Hunger
a - Beastly Appendage     Tmut           #.....       11%         1    ##.....

Your spell library contained the following spells:

 Spells                   Type           Power        Failure   Level  Hunger
 Sticks to Snakes         Tmut           #.......     16%         2    ###....
 Spider Form              Tmut/Pois      #.........   43%         3    ####...
 Ice Form                 Ice/Tmut       #.......     83%         4    #####..
 Blade Hands              Tmut           #.........   96%         5    ######.


Dungeon Overview and Level Annotations

Branches:
Dungeon (2/15)

Altars:
Gozag
Nemelex Xobeh
Qazlal


Innate Abilities, Weirdness & Mutations

Your plain brown scales are hard. (AC +5)
You cannot fit into any form of body armour.
You are cold-blooded and may be slowed by cold attacks.


Message History

Done exploring.
Done exploring.
Done exploring.
Level map cleared.
There is a stone staircase leading down here.
You are feeling hungry.
Things that are here:
a +0 scale mail; a +1 morningstar of freezing You see here a stone.
You hear a shout!
There is a stone staircase leading up here.
The ogre is too close now for your liking.
An ogre is nearby!
Throwing (i - inventory)
f - 13 poisoned darts (quivered)
Aim: an ogre, wielding a +0 giant spiked club (hasn't noticed you)
You throw a poisoned dart. The poisoned dart hits the ogre.
The ogre shouts!
Throwing (i - inventory)
f - 12 poisoned darts (quivered)
Aim: an ogre, wielding a +0 giant spiked club You throw a poisoned dart.
The poisoned dart hits the ogre.
The ogre is poisoned.
Throwing (i - inventory)
f - 11 poisoned darts (quivered)
Aim: an ogre, wielding a +0 giant spiked club (poisoned)
You throw a poisoned dart. The poisoned dart hits the ogre.
The ogre looks even sicker.
Throwing (i - inventory)
f - 10 poisoned darts (quivered)
Aim: an ogre, wielding a +0 giant spiked club (poisoned)
You throw a poisoned dart. The poisoned dart hits the ogre.
The ogre looks even sicker.
Throwing (i - inventory)
f - 9 poisoned darts (quivered)
Aim: an ogre, wielding a +0 giant spiked club (lightly wounded, poisoned)
You throw a poisoned dart.
The poisoned dart barely misses the ogre.
The ogre hits you with a +0 giant spiked club!!
Unknown command.
Throwing (i - inventory)
f - 8 poisoned darts (quivered)
Aim: an ogre, wielding a +0 giant spiked club (almost dead)
You throw a poisoned dart. The poisoned dart hits the ogre.
Throwing (i - inventory)
f - 7 poisoned darts (quivered)
Aim: an ogre, wielding a +0 giant spiked club (severely wounded)
You throw a poisoned dart.
The poisoned dart barely misses the ogre.
The ogre closely misses you.
Throwing (i - inventory)
f - 6 poisoned darts (quivered)
Aim: an ogre, wielding a +0 giant spiked club (severely wounded)
You throw a poisoned dart.
The poisoned dart barely misses the ogre.
The ogre hits you with a +0 giant spiked club!!
Ouch! That really hurt!
You die...

####### ####
#.....#############... #####
######.....................
....###..........########........
....#...####.....# #<.......
........# #....(# #........
...)....# #....O# #........
........# #...(@# #........
........# #.....########...#####
........# ###.#............#§§§§
####..).## #.>..#######.###§§§§
#.....## ##.##.# #...#§§§§
####......###...#.# #.###§§§§
..............#...##### #.###§§§§
....#..#.##...........###...#§§§§
............................#


You could see an ogre.

Vanquished Creatures
  Jessica (D:2)
  Terence (D:2)
  2 adders (D:2)
  2 worms (D:2)
  2 dart slugs
  A ball python (D:2)
  4 bats
  4 goblins
  7 hobgoblins
  8 kobolds
  3 frilled lizards (D:2)
  8 rats
43 creatures vanquished.

Notes
Turn   | Place    | Note
-------+----------+-------------------------------------------
     0 | D:1      | MalarOregon the Draconian Transmuter began the quest for
                  | the Orb.
     0 | D:1      | Reached XP level 1. HP: 16/16 MP: 3/3
   256 | D:1      | Reached XP level 2. HP: 21/23 MP: 5/5
  1163 | D:2      | Found a stormy altar of Qazlal.
  1192 | D:2      | Noticed Terence
  1308 | D:2      | Noticed Jessica
  1322 | D:2      | Killed Jessica
  1322 | D:2      | Reached XP level 3. HP: 29/29 MP: 3/6
  1356 | D:2      | Reached skill level 4 in Unarmed Combat
  1356 | D:2      | Reached XP level 4. HP: 32/37 MP: 5/7
  1680 | D:2      | Killed Terence
  1854 | D:2      | Found an opulent altar of Gozag.
  1854 | D:2      | Noticed an ogre
  1855 | D:2      | Found a sparkling altar of Nemelex Xobeh.
  2354 | D:2      | Found a stormy altar of Qazlal.
  2383 | D:2      | Slain by an ogre

Levels and vault maps discovered:
D:1:      minmay_arrival_checkered_box, layout_basic, minmay_tromino_mix6
D:2:      layout_rooms, grunt_temple_overflow_opulence,
          nicolae_qazlal_eye_of_the_storm, uniq_jessica, uniq_terence

Skill      XL: |  1  2  3 |
---------------+----------+-----
Dodging        | 2 |  2.7
Fighting       | 2 |  2.6
Unarmed Combat | 4 |  4.3
Spellcasting   | |  2.0
Transmutations | |  2.0

Action                   |  1- 3 |  4- 6 || total
-------------------------+-------+-------++-------
Melee: Unarmed           |    97 |    47 ||   144
       Tailslap          |    11 |     3 ||    14
       Headbutt          |     3 |     1 ||     4
       Kick              |       |     1 ||     1
       Punch             |       |     1 ||     1
Throw: Dart              |       |     8 ||     8
 Cast: Beastly Appendage |     4 |     5 ||     9
  Use: Scroll            |       |     4 ||     4
  Eat: Chunk             |     1 |     3 ||     4
Armor: Skin              |    20 |    13 ||    33
Dodge: Dodged            |    49 |    40 ||    89

Table legend:
 A = Non-vault XP
 B = Vault XP
 C = Vault XP percentage of total XP
 D = Non-vault monster count
 E = Vault monster count
 F = Vault count percentage of total count
                 A         B        C        D         E       F
            +---------+---------+-------+---------+---------+-------
      Total |      88 |      76 |  46.3 |      37 |       6 |  14.0
            +---------+---------+-------+---------+---------+-------
        D:1 |      28 |       7 |  20.0 |      18 |       4 |  18.2
        D:2 |      60 |      69 |  53.5 |      19 |       2 |   9.5
            +---------+---------+-------+---------+---------+-------
